AoeStats
← dashuaibi

Nomad

508402905Analyzed
3v3 RM · 10d ago on Sep 22, 2026· 49m 49s· 6 players
Game mode
Random Map
Map size
210×210
Population
200
Speed
Normal
Resources
Standard
Victory
Conquest
Starting age
Dark Age
Ending age
Imperial Age
RankedLock teamsTeams togetherTeam positionsShared explorationLock speedFull tech treeHidden civsTurbo modeCheats
Victory
Defeat
🇨🇳 Byzantines · China
1366
+11
🇨🇳 Italians · China
1361
+12
🇯🇵 Magyars · Japan
1061
+23
🇻🇳 Persians · Vietnam
1299
-17
🇨🇭 Aztecs · Switzerland
1248
-15
🇪🇸 Persians · Spain
1208
-14
tutikimanfrado
5:31 Loom
14:02 Feudal Age
18:19 Castle Age
16:50 Double-Bit Axe
19:19 Bow Saw
20:33 Forging
20:31 Scale Barding Armor
21:52 Iron Casting
25:09 Elite Skirmisher
30:04 Wheelbarrow
40:12 Wheelbarrow
40:48 Horse Collar
42:29 Hand Cart
42:19 Heavy Plow
42:32 Gold Mining
42:33 Stone Mining
44:19 Gold Shaft Mining
44:20 Stone Shaft Mining
46:38 Imperial Age
44:26 Husbandry
44:59 Bloodlines
46:27 Kamandaran
46:19 Crossbowman
46:29 Cavalier
48:36 Savar
LeMeow
6:21 Loom
15:33 Feudal Age
19:32 Town Watch
22:27 Castle Age
20:14 Double-Bit Axe
25:49 Medium Warships
28:39 Wheelbarrow
28:15 Fishing Lines
28:34 Horse Collar
31:12 Gillnets
31:46 Scale Barding Armor
33:07 Bloodlines
39:20 Imperial Age
37:05 Hand Cart
37:04 Forging
37:46 Chain Barding Armor
39:15 Husbandry
39:17 Cavalier
41:29 Chemistry
40:59 Conscription
41:49 Heavy Camel Rider
42:33 Gold Mining
43:52 Plate Barding Armor
43:53 Iron Casting
U 99
4:51 Loom
13:33 Feudal Age
25:38 Castle Age
23:49 Double-Bit Axe
24:26 Horse Collar
25:55 Eagle Warrior
28:33 Wheelbarrow
28:56 Gold Mining
30:30 Forging
31:05 Scale Mail Armor
31:07 Squires
32:50 Chain Mail Armor
39:14 Imperial Age
38:57 Iron Casting
39:23 Elite Eagle Warrior
41:09 Garland Wars
41:58 Plate Mail Armor
41:22 Pikeman
45:14 Blast Furnace
KJI
8:01 Loom
15:12 Feudal Age
16:20 Double-Bit Axe
21:56 Horse Collar
27:07 Stone Mining
29:55 Castle Age
29:55 Scale Barding Armor
32:12 Wheelbarrow
31:45 Gold Mining
36:17 Town Watch
37:05 Heavy Plow
37:23 Bow Saw
37:43 Fletching
38:13 Chain Barding Armor
41:11 Corvinian Army
44:25 Imperial Age
44:43 Corvinian Army
45:57 Plate Barding Armor
46:24 Conscription
46:58 Elite Magyar Huszar
48:41 Crop Rotation
49:10 Bodkin Arrow
48:44 Capped Ram
50:25 Bracer
dashuaibi
5:34 Loom
15:59 Feudal Age
16:52 Fishing Lines
20:45 Castle Age
18:52 Double-Bit Axe
18:48 Horse Collar
25:13 Imperial Age
23:17 Bow Saw
25:50 Forging
26:00 Heavy Plow
31:27 Wheelbarrow
32:59 Two-Man Saw
32:57 Stone Mining
32:57 Gold Mining
35:11 Crop Rotation
35:04 Conscription
34:53 Scale Barding Armor
35:24 Iron Casting
35:45 Husbandry
35:06 Light Cavalry
36:11 Chain Barding Armor
36:17 Hand Cart
37:21 Elite Cataphract
38:48 Plate Barding Armor
39:25 Chemistry
38:45 Ballistics
42:14 Gold Shaft Mining
42:15 Stone Shaft Mining
42:49 Logistica
43:42 Fletching
45:32 Hoardings
47:28 Bodkin Arrow
48:45 Treadmill Crane
49:01 Murder Holes
49:16 Fortified Wall
48:55 Arrowslits
49:14 Bracer
棒总
3:53 Loom
12:39 Feudal Age
16:56 Castle Age
15:19 Stone Mining
16:37 Padded Archer Armor
16:21 Horse Collar
16:53 Double-Bit Axe
17:53 Gold Mining
19:29 Bow Saw
23:18 Fletching
26:00 Wheelbarrow
27:30 Bodkin Arrow
28:22 Hand Cart
32:00 Ballistics
34:55 Imperial Age
35:23 Leather Archer Armor
35:48 Stone Shaft Mining
36:08 Conscription
35:52 Bracer
36:56 Chemistry
36:11 Town Watch
37:25 Elite Genoese Crossbowman
38:19 Squires
38:04 Arson
38:54 Ring Archer Armor
38:35 Forging
38:31 Scale Barding Armor
39:54 Thumb Ring
40:27 Heavy Plow
40:55 Bloodlines
40:46 Husbandry
41:21 Light Cavalry
43:43 Iron Casting
43:31 Chain Barding Armor
Connection lost

Rejoining the realm…

Still unreachable

The connection could not be restored.

Session expired

The server has moved on; the page needs a fresh start.